 Dungeon Sprint DCSS version 0.32-a0-799-g95e1662365 (webtiles) character file.

Game seed: 15089022592911363705

1800 rocky1 the Fighter (level 9, -2/68 HPs)
             Began as a Gargoyle Fighter on Mar 22, 2024.
             Was an Initiate of Gozag.
             Slain by a deep elf pyromancer
             ... wielding a +0 long sword
              (8 damage)
             ... in the Dungeon (Sprint IX: "|||||||||||||||||||||||||||||").
             The game lasted 00:03:27 (902 turns).

rocky1 the Fighter (Gargoyle Fighter)                Turns: 902, Time: 00:03:29

Health: -2/68      AC: 23    Str: 24    XL:     9   Next: 9%
Magic:  9/9        EV:  9    Int:  9    God:    Gozag
Gold:   300        SH:  5    Dex:  9    Spells: 8/8 levels left

rFire   . . .        a - +0 flail
rCold   . . .        c - +0 buckler
rNeg    + . .        o - +1 chain mail
rPois   ∞            m - +0 helmet
rElec   +            n - +0 cloak
rCorr   .            (no gloves)
SInv    .            (no boots)
Will    .....        (no amulet) Stlth
                     p - +2 ring of protection
HPRegen 0.31/turn    q - +2 ring of evasion
MPRegen 0.11/turn

%: no teleportation
@: mighty, on fire, hasted, glowing, very quick
A: sickness immunity, AC +6, negative energy resistance 1, electricity
resistance, torment resistance 1, petrification resistance
a: Renounce Religion, Potion Petition, Call Merchant, Bribe Branch


You were in the Dungeon.
You worshipped Gozag.
Gozag was aware of your devotion.
You visited 1 branch You collected 675 gold pieces.
You paid 375 gold pieces to Gozag.

Inventory:

Hand Weapons
 a - a +0 flail (weapon)
Missiles
 b - a curare-tipped dart (quivered)
Armour
 c - a +0 buckler (worn)
 m - a +0 helmet (worn)
 n - a +0 cloak (worn)
 o - a +1 chain mail (worn)
Jewellery
 p - a +2 ring of protection (left hand)
 q - a +2 ring of evasion (right hand)
Wands
 l - a wand of warping (10)
Scrolls
 j - 2 scrolls of blinking
 k - 2 scrolls of amnesia
Potions
 e - 4 potions of curing
 g - a potion of haste
 h - 4 potions of magic


   Skills:
 * Level 13.0 Fighting
 * Level 11.7 Maces & Flails
 + Level 9.5 Armour
 + Level 9.5 Shields


You had 8 spell levels left.
You didn't know any spells.
Your spell library was empty.

Dungeon Overview and Level Annotations

Branches:
Dungeon (1/1)

Altars:
Cheibriados
Dithmenos
Elyvilon
Fedhas
Gozag
Hepliaklqana
Kikubaaqudgha
Makhleb
Nemelex Xobeh
Okawaru
Qazlal
Ru
Sif Muna
Trog
Uskayaw
Vehumet
Wu Jian
Xom
Yredelemnul
Zin
The Shining One
Beogh
Jiyva
Lugonu


Innate Abilities, Weirdness & Mutations

You are immune to sickness and miasma.
Your stone body is resilient. (AC +6)
You are immune to poison.
You resist negative energy. (rN+)
You are resistant to electric shocks. (rElec)
You are resistant to unholy torment.
You are immune to petrification.


Message History

You miss the deep elf pyromancer. You miss the deep elf pyromancer.
You miss the deep elf pyromancer.
The deep elf pyromancer hits you with a +0 long sword!
You closely miss the deep elf pyromancer.
The deep elf pyromancer gestures at you while chanting.
The pyre arrow hits you.
You are covered in intense liquid fire!
You feel better. The liquid fire burns you!
You sock the deep elf pyromancer!
The deep elf pyromancer is moderately wounded.
The liquid fire burns you!
You block the deep elf pyromancer's attack.
You barely miss the deep elf pyromancer.
The deep elf pyromancer is moderately wounded.
The liquid fire burns you!
* * * LOW HITPOINT WARNING * * *
You barely miss the deep elf pyromancer.
The deep elf pyromancer is moderately wounded.
The liquid fire burns you!
* * * LOW HITPOINT WARNING * * *
The deep elf pyromancer hits you but does no damage.
Unknown command.
You sock the deep elf pyromancer!
The deep elf pyromancer is severely wounded.
The liquid fire burns you!
* * * LOW HITPOINT WARNING * * *
You barely miss the deep elf pyromancer.
The deep elf pyromancer is severely wounded.
The liquid fire burns you!
* * * LOW HITPOINT WARNING * * *
The deep elf pyromancer hits you but does no damage.
You closely miss the deep elf pyromancer.
The deep elf pyromancer is severely wounded.
The liquid fire burns you!
* * * LOW HITPOINT WARNING * * *
The deep elf pyromancer hits you with a +0 long sword!
You die...
Your body crumbles into a pile of gold.

▓+▓
▓.▓
▓.▓
▓c▓
▓W▓
▓e▓
▓@▓
▓$▓
▓.▓
▓.▓
▓.▓
▓.▓
▓.▓
▓)▓
▓'▓


You could see a deep elf pyromancer, a wraith and a centaur.

Vanquished Creatures
  A centaur warrior (D)
  A komodo dragon (D)
  2 trolls (D)
  A yak (D)
  A basilisk (D)
  An ogre (D)
  A centaur (D)
  A kobold brigand (D)
  2 hounds (D)
  An iguana (D)
  A shadow imp (D)
  2 endoplasms (D)
  A goblin (D)
  A quokka (D)
  A rat (D)
18 creatures vanquished.

Vanquished Creatures (others)
  A troll (D)
1 creature vanquished.

Grand Total: 19 creatures vanquished

Notes
Turn   | Place    | Note
-------+----------+-------------------------------------------
     0 | D        | rocky1 the Gargoyle Fighter began the quest for the Orb.
     0 | D        | Reached XP level 1. HP: 14/14 MP: 1/1
    19 | D        | Reached skill level 4 in Fighting
    31 | D        | Noticed a hound
    31 | D        | Noticed a hound
    31 | D        | Noticed an iguana
    31 | D        | Noticed an ogre
    35 | D        | Killed an ogre
    36 | D        | Reached skill level 6 in Fighting
    36 | D        | Reached skill level 5 in Maces & Flails
    36 | D        | Reached skill level 5 in Armour
    36 | D        | Reached skill level 5 in Shields
    36 | D        | Reached XP level 2. HP: 23/23 MP: 2/2
    36 | D        | Reached XP level 3. HP: 28/28 MP: 3/3
    36 | D        | Reached XP level 4. HP: 32/32 MP: 4/4
    40 | D        | Reached XP level 5. HP: 37/37 MP: 5/5
    48 | D        | Reached skill level 7 in Fighting
   315 | D        | Found a roughly hewn altar of Beogh.
   315 | D        | Found a snail-covered altar of Cheibriados.
   315 | D        | Found a shadowy altar of Dithmenos.
   315 | D        | Found a white marble altar of Elyvilon.
   315 | D        | Found a blossoming altar of Fedhas.
   315 | D        | Found an opulent altar of Gozag.
   316 | D        | Found a hazy altar of Hepliaklqana.
   317 | D        | Found a viscous altar of Jiyva.
   318 | D        | Found an ancient bone altar of Kikubaaqudgha.
   319 | D        | Found a corrupted altar of Lugonu.
   320 | D        | Found a burning altar of Makhleb.
   321 | D        | Found a sparkling altar of Nemelex Xobeh.
   322 | D        | Found an iron altar of Okawaru.
   323 | D        | Became a worshipper of Gozag Ym Sagoz the Greedy
   324 | D        | Found a stormy altar of Qazlal.
   325 | D        | Found a sacrificial altar of Ru.
   326 | D        | Found a shimmering blue altar of Sif Muna.
   327 | D        | Found a bloodstained altar of Trog.
   328 | D        | Found a hide-covered altar of Uskayaw.
   329 | D        | Found a radiant altar of Vehumet.
   330 | D        | Found an ornate altar of the Wu Jian Council.
   331 | D        | Found a shimmering altar of Xom.
   332 | D        | Found a basalt altar of Yredelemnul.
   333 | D        | Found a glowing silver altar of Zin.
   334 | D        | Found a glowing golden altar of the Shining One.
   384 | D        | Noticed a yak
   384 | D        | Noticed a troll
   384 | D        | Noticed a kobold brigand
   384 | D        | Noticed a troll
   384 | D        | Noticed a troll
   384 | D        | Noticed a centaur
   391 | D        | Killed a centaur
   392 | D        | Reached skill level 8 in Fighting
   392 | D        | Reached XP level 6. HP: 42/45 MP: 6/6
   401 | D        | Killed a troll
   402 | D        | Reached skill level 9 in Fighting
   404 | D        | Killed a troll
   405 | D        | Reached XP level 7. HP: 30/52 MP: 7/7
   429 | D        | Killed a troll
   430 | D        | Reached skill level 10 in Fighting
   442 | D        | Killed a yak
   443 | D        | Reached skill level 11 in Fighting
   865 | D        | Noticed a deep elf pyromancer
   865 | D        | Noticed a wraith
   865 | D        | Noticed a basilisk
   865 | D        | Noticed a komodo dragon
   865 | D        | Noticed a centaur warrior
   873 | D        | Killed a centaur warrior
   874 | D        | Reached skill level 12 in Fighting
   874 | D        | Reached XP level 8. HP: 49/62 MP: 8/8
   885 | D        | Killed a komodo dragon
   886 | D        | Reached XP level 9. HP: 28/67 MP: 9/9
   890 | D        | Reached skill level 13 in Fighting
   902 | D        | Slain by a deep elf pyromancer

Illustrated notes

Levels and vault maps discovered:
D:        linesprint [early_d, line_temple, items_1, d_10, items_2, lair_1,
          lair_end, items_3, orc_1, orc_end, items_4, d_15, swamp_1, shoals_1,
          snake_1, spider_1, d_20, vaults_1, items_5, swamp_end, shoals_end,
          snake_end, spider_end, vaults_end, d_27, items_6, zot_1, zot_end,
          crypt_end, forest_end, elf_end, slime_end, tomb_end, abyss_end,
          pan_hell_end]

Skill      XL: |  1  2  3  4  5  6  7  8  9 |
---------------+----------------------------+-----
Fighting       | 6 8 9 12 13 | 13.0
Maces & Flails | 5 7 8 11 | 11.7
Armour         | 5 6 7 9 |  9.5
Shields        | 5 6 7 9 |  9.5

Action                     |  1- 3 |  4- 6 |  7- 9 || total
---------------------------+-------+-------+-------++-------
  Melee: Flail             |    18 |    39 |    67 ||   124
 Invoke: Potion Petition   |       |       |     1 ||     1
    Use: Potion            |     1 |     1 |     5 ||     7
   Stab: Invisible         |       |     2 |     5 ||     7
 Armour: Scale mail        |     9 |    20 |       ||    29
         Chain mail        |       |    22 |    47 ||    69
  Dodge: Dodged            |     4 |    28 |    20 ||    52
  Block: Buckler           |     1 |    12 |    18 ||    31

Table legend: (Time is in decaauts)
 A = Elapsed time spent in this place.
 B = Non-inter-level travel time spent in this place.
 C = Inter-level travel time spent in this place.
 D = Time resting spent in this place.
 E = Time spent auto-exploring this place.
 F = Levels seen in this place.
 G = Mean time per level.
                   A        B        C        D        E       F      G
               +--------+--------+--------+--------+--------+-----+--------+
         Total |    899 |    899 |      0 |    668 |      0 |   1 |  899.0 |
       Dungeon |    899 |    899 |      0 |    668 |      0 |   1 |  899.0 |
               +--------+--------+--------+--------+--------+-----+--------+

Top non-repeatable levels by time:
       D: 899 daAuts
